 Dungeon Crawl Stone Soup version 0.27-a0-1434-g6f15984924 (webtiles) character file.

Game seed: 9946313749278502136

198 Sin92 the Shield-Bearer (level 5, -1/47 HPs)
             Began as a Minotaur Fighter on July 3, 2021.
             Slain by Grinder (4 damage)
             ... on level 4 of the Dungeon.
             The game lasted 00:03:32 (3621 turns).

Sin92 the Shield-Bearer (Minotaur Fighter)          Turns: 3621, Time: 00:03:33

Health: -1/47      AC:  9    Str: 20    XL:     5   Next: 47%
Magic:  4/4        EV:  6    Int:  5    God:
Gold:   122        SH:  9    Dex: 11    Spells: 4/4 levels left

rFire    . . .     SeeInvis .   a - +0 long sword
rCold    . . .     Faith    .   c - +0 kite shield
rNeg     . . .     Spirit   .   h - +0 chain mail
rPois    +         Reflect  .   (helmet restricted)
rElec    .         Harm     .   (no cloak)
rCorr    .         Rampage  .   (no gloves)
Will     .....                  (no boots)
Stlth    ..........             (no amulet)
HPRegen  0.15/turn              e - ring of poison resistance
MPRegen  0.09/turn              (no ring)

@: no status effects
A: horns 2, retaliatory headbutt
a: no special abilities


You were on level 4 of the Dungeon.
You visited 1 branch of the dungeon, and saw 4 of its levels.

You collected 122 gold pieces.

Inventory:

Hand Weapons
 a - a +0 long sword (weapon)
Armour
 b - a +0 scale mail
 c - a +0 kite shield (worn)
 h - a +0 chain mail (worn)
Jewellery
 e - a ring of poison resistance (left hand)
 j - a ring of fire
Wands
 p - a wand of flame (14)
Scrolls
 g - 2 scrolls of teleportation {unknown}
 i - a scroll of noise {unknown}
 k - a scroll of immolation {unknown}
 m - 2 scrolls of torment {unknown}
 n - 2 scrolls of summoning {unknown}
 o - a scroll of identify {unknown}
Potions
 d - a potion of might
 f - a potion of attraction {unknown}
 l - a potion of heal wounds {unknown}


   Skills:
 + Level 4.6 Fighting
 + Level 3.7 Long Blades
 + Level 4.6 Armour
 + Level 2.4 Dodging
 + Level 4.7 Shields


You had 4 spell levels left.
You didn't know any spells.
Your spell library was empty.

Dungeon Overview and Level Annotations

Branches:
Dungeon (4/15)
 Temple: D:4-7

Altars:

Shops:
D:2 ?   D:3 (

Annotations:
D:4 Grinder


Innate Abilities, Weirdness & Mutations

You have a pair of horns on your head.
You reflexively headbutt those who attack you in melee.


Message History

Grinder gestures at you. Pain shoots through your body!
Grinder is nearby!
Grinder gestures at you.
You suddenly lose the ability to move!
Grinder says, "Make like a tree!"
Grinder hits you.
You writhe in agony.
Grinder gestures at you. Pain shoots through your body!
Grinder hits you but does no damage. Grinder hits you.
You writhe in agony.
* * * LOW HITPOINT WARNING * * *
Grinder blinks!
Grinder hits you.
* * * LOW HITPOINT WARNING * * *
You writhe in agony.
* * * LOW HITPOINT WARNING * * *
You can move again.
Unknown command.
You are too injured to fight recklessly!
Unknown command.
You are too injured to fight recklessly!
Unknown command.
You are too injured to fight recklessly!
Unknown command.
You are too injured to fight recklessly!
Unknown command.
You are too injured to fight recklessly!
You closely miss Grinder.
Grinder is moderately wounded.
Grinder gestures at you. You resist with significant effort. Grinder hits you.
* * * LOW HITPOINT WARNING * * *
You writhe in agony.
* * * LOW HITPOINT WARNING * * *
You hit Grinder but do no damage.
Grinder is moderately wounded.
Grinder blinks!
Grinder says, "Just stop there for a second..."
Grinder hits you.
You die...

##### #.... ###
#....##########
#<#
#......5).....#
#.#
#.......@.....#
#.#
#..♣♣.♣♣§$....#
#.# +
♣P.P♣......# #.#
♣♣..♣......# #.#
♣..♣♣####### #.#
♣♣.♣♣# #####.#
#...# #.#...#
#.#######.#.###
####.#.........#


You could see Grinder (fast).

Vanquished Creatures
  Ijyb (D:3)
  Robin (D:2)
  4 gnolls (D:3)
  5 adders
  An adder skeleton (D:4)
  A worm (D:2)
  7 bats
  4 endoplasms
  2 giant cockroaches
  8 goblins
  7 hobgoblins
  12 jackals
  A quokka (D:3)
  5 ball pythons
  5 kobolds
  6 rats
70 creatures vanquished.

Vanquished Creatures (others)
  3 plants (D:4)
3 creatures vanquished.

Grand Total: 73 creatures vanquished

Notes
Turn   | Place    | Note
-------+----------+-------------------------------------------
     0 | D:1      | Sin92 the Minotaur Fighter began the quest for the Orb.
     0 | D:1      | Reached XP level 1. HP: 19/19 MP: 0/0
   299 | D:1      | Reached XP level 2. HP: 26/27 MP: 1/1
   337 | D:1      | Found a faded altar of an unknown god.
   604 | D:1      | Reached skill level 1 in Dodging
  1293 | D:2      | Reached XP level 3. HP: 15/33 MP: 2/2
  1542 | D:2      | Found Milolur's Magic Scroll Shoppe.
  1701 | D:2      | Noticed Robin
  1728 | D:2      | Killed Robin
  1729 | D:2      | Reached XP level 4. HP: 12/40 MP: 3/3
  2733 | D:3      | Found Rila's Antique Weapon Boutique.
  2866 | D:3      | Reached XP level 5. HP: 43/47 MP: 4/4
  3162 | D:3      | Noticed Ijyb
  3173 | D:3      | Killed Ijyb
  3607 | D:4      | Noticed Grinder
  3613 | D:4      | Paralysed by Grinder for 7 turns
  3621 | D:4      | Slain by Grinder

Illustrated notes

Levels and vault maps discovered:
D:1:      dpeg_arrival_stonehenge_8_columns, layout_basic,
          basic_ecumenical_altar, serial_park_tiny_1, corexii_hall_statues_l
D:2:      layout_basic, serial_shops, shop_fountains, uniq_robin
D:3:      layout_rooms, serial_shops, shop, minmay_unequal, uniq_ijyb
D:4:      layout_basic, nicolae_overflow_hidden_temple, serial_forest,
          infiniplex_forest_zigzag_2, infiniplex_forest_clump_small,
          infiniplex_forest_clump_diagonal, infiniplex_forest_end_2,
          infiniplex_forest_straight_4, chequers_serial_rivers_small_a,
          minmay_diced_spiral, uniq_grinder, uniq_blork_the_orc

Skill      XL: |  1  2  3  4 |
---------------+-------------+-----
Dodging        | 1 2 |  2.4
Fighting       | 4 |  4.6
Long Blades    | 3 |  3.7
Armour         | 4 |  4.6
Shields        | 4 |  4.7

Action                   |  1- 3 |  4- 6 || total
-------------------------+-------+-------++-------
Melee: Long sword        |   101 |   101 ||   202
       Headbutt          |     5 |    16 ||    21
Armor: Scale mail        |    43 |       ||    43
       Chain mail        |    46 |    77 ||   123
Dodge: Dodged            |    33 |    33 ||    66
Block: Kite shield       |    80 |    64 ||   144
       Rpst.: Long sword |     9 |    13 ||    22

Table legend: (Time is in decaauts)
 A = Elapsed time spent in this place.
 B = Non-inter-level travel time spent in this place.
 C = Inter-level travel time spent in this place.
 D = Time resting spent in this place.
 E = Time spent auto-exploring this place.
 F = Levels seen in this place.
 G = Mean time per level.
                   A        B        C        D        E       F      G
               +--------+--------+--------+--------+--------+-----+--------+
         Total |   3712 |   3578 |    134 |    331 |   2712 |   4 |  928.0 |
       Dungeon |   3712 |   3578 |    134 |    331 |   2712 |   4 |  928.0 |
               +--------+--------+--------+--------+--------+-----+--------+

Top non-repeatable levels by time:
     D:2: 1482 daAuts
     D:1: 1275 daAuts
     D:3: 883 daAuts
     D:4: 70 daAuts
